 Dungeon Crawl Stone Soup version 0.30-a0-591-g3c58d2bc28 (webtiles) character file.

Game seed: 17398118202436494055

0 flotson the Sneak (level 1, -1/18 HPs)
             Began as a Demonspawn Delver on Jan 4, 2023.
             Succumbed to an adder's poison
             ... on level 2 of the Dungeon.
             The game lasted 00:00:29 (74 turns).

flotson the Sneak (Demonspawn Delver)                 Turns: 74, Time: 00:00:30

Health: -1/18      AC:  3    Str: 10 (12) XL:     1   Next: 8%
Magic:  1/1        EV: 11    Int:  8 (11) God:
Gold:   24         SH:  0    Dex: 11 (14) Spells: 0/0 levels left

rFire   . . .      SeeInvis .    a - +0 hand axe
rCold   . . .      Faith    .    (no shield)
rNeg    . . .      Spirit   .    b - +0 leather armour
rPois   .          Reflect  .    (no helmet)
rElec   .          Harm     .    (no cloak)
rCorr   .          Rampage  .    (no gloves)
Will    .....                    (no boots)
Stlth   ++                       (no amulet)
HPRegen 0.23/turn                (no ring)
MPRegen 0.07/turn                (no ring)

@: lethally poisoned (-1 -> -10)
A: no striking features
a: no special abilities


You were on level 2 of the Dungeon.
You visited 1 branch of the dungeon, and saw 4 of its levels.

You collected 24 gold pieces.

Inventory:

Hand Weapons
 a - a +0 hand axe (weapon)
Armour
 b - a +0 leather armour (worn)
Wands
 g - a wand of digging (3)
Scrolls
 c - a scroll of fog
 d - a scroll of magic mapping
 e - a scroll of fear
 h - a scroll of identify {unknown}
 i - a scroll of butterflies {unknown}
Potions
 f - a potion of haste


   Skills:
 + Level 3.0 Fighting
 + Level 1.7 Axes
 + Level 0.0 Armour
 + Level 1.7 Dodging
 + Level 4.5 Stealth
 + Level 0.1 Evocations


You couldn't memorise any spells.
You didn't know any spells.
Your spell library was empty.

Dungeon Overview and Level Annotations

Branches:
Dungeon (5/15)
 Temple: D:4-7

Altars:


Message History

Found a fizzy red potion.
There is a stone staircase leading up here.
j - a fizzy red potion
There is a stone staircase leading up here.
You climb upwards.
There is a stone staircase leading down here.
An adder comes into view.
Found 6 stones.
The adder hisses angrily.
You hit the rat.
The rat is severely wounded.
The rat barely misses you.
You hit the rat.
You kill the rat!
The adder bites you.
You hit the adder but do no damage. The adder bites you.
You hit the adder.
The adder is heavily wounded.
The adder bites you.
You are poisoned.
The adder poisons you! The adder bites you.
You are lethally poisoned!
The adder poisons you!
You are too injured to fight recklessly!
You are too injured to fight recklessly!
You are too injured to fight recklessly!
You are too injured to fight recklessly!
You are too injured to fight recklessly!
You are too injured to fight recklessly!
You are too injured to fight recklessly!
You barely miss the adder.
The adder is heavily wounded.
* * * LOW HITPOINT WARNING * * *
You feel very sick. The adder barely misses you. The adder bites you.
* * * LOW HITPOINT WARNING * * *
It was a potion of degeneration.
There was something very wrong with that liquid.
You feel weakened.
You feel dopey.
You feel clumsy.
You die...

....# ###..
... #... ...
... #.##.#
#..#.#
#.>.######
###......##..
###..........
#....@....#.
#.#..S....#
...#.......#
..##
#......## .
#......#
#.......
..(.....#
.#.......#


You could see an adder.

Vanquished Creatures
  A rat (D:2)
1 creature vanquished.

Notes
Turn   | Place    | Note
-------+----------+-------------------------------------------
     0 | D:5      | flotson the Demonspawn Delver began the quest for the Orb.
     0 | D:5      | Reached XP level 1. HP: 18/18 MP: 1/1
    74 | D:2      | Succumbed to an adder's poison

Illustrated notes

Levels and vault maps discovered:
D:2:      layout_rooms, ebering_ecumenical_altar_ruins, minmay_surrounded
D:3:      layout_basic, serial_curves, eino_curves_03, eino_curves_01,
          uniq_natasha
D:4:      layout_gridville, chequers_temple_overflow_minitemple
D:5:      layout_cave_pools, hangedman_decor_growths, uniq_sigmund,
          uniq_prince_ribbit1

Action                   || total
-------------------------++-------
Melee: Hand axe          ||     5
  Use: Potion            ||     1
Dodge: Dodged            ||     2

Table legend: (Time is in decaauts)
 A = Elapsed time spent in this place.
 B = Non-inter-level travel time spent in this place.
 C = Inter-level travel time spent in this place.
 D = Time resting spent in this place.
 E = Time spent auto-exploring this place.
 F = Levels seen in this place.
 G = Mean time per level.
                   A        B        C        D        E       F      G
               +--------+--------+--------+--------+--------+-----+--------+
         Total |     74 |     74 |      0 |      0 |      2 |   4 |   18.5 |
       Dungeon |     74 |     74 |      0 |      0 |      2 |   4 |   18.5 |
               +--------+--------+--------+--------+--------+-----+--------+

Top non-repeatable levels by time:
     D:3: 44 daAuts
     D:5: 12 daAuts
     D:2: 9 daAuts
     D:4: 7 daAuts
